 Dungeon Crawl Stone Soup version 0.21-a0-404-g291f19a (webtiles) character file.

81 graki42 the Skirmisher (level 4, -1/49 HPs)
             Began as an Ogre Berserker on Oct 27, 2017.
             Was a Believer of Trog.
             Slain by a gnoll
             ... wielding a +0 whip
              (9 damage)
             ... on level 3 of the Dungeon.
             The game lasted 00:03:01 (1308 turns).

graki42 the Skirmisher (Ogre Berserker)             Turns: 1308, Time: 00:03:02

Health: -1/49      AC:  3    Str: 22    XL:     4   Next: 40%
Magic:  4/4        EV: 10    Int:  8    God:    Trog [**....]
Gold:   47         SH:  0    Dex:  8    Spells: 3/3 levels left

rFire    . . .     SeeInvis .   j - +0 quarterstaff
rCold    . . .     Gourm    .   (shield currently unavailable)
rNeg     . . .     Faith    .   b - +0 animal skin
rPois    .         Spirit   .   (helmet restricted)
rElec    .         Reflect  .   (no cloak)
rCorr    .         Harm     .   (gloves unavailable)
MR       .....                  (boots unavailable)
Stlth    +.........             (no amulet)
HPRegen  0.16/turn              (no ring)
MPRegen  0.09/turn              (no ring)

@: berserk cooldown, slowed, very slow
A: unfitting armour, tough skin 1
a: Berserk, Trog's Hand, Burn Spellbooks, Renounce Religion


You were on level 3 of the Dungeon.
You worshipped Trog.
Trog was pleased with you.
You were very hungry.

You visited 1 branch of the dungeon, and saw 3 of its levels.

You collected 47 gold pieces.

Inventory:

Hand Weapons
 a - a +0 mace
 j - a +0 quarterstaff (weapon)
Armour
 b - a +0 animal skin (worn)
Scrolls
 e - a scroll of fog {unknown}
 h - a scroll of remove curse {unknown}
 i - 2 scrolls of identify {unknown}
 k - a scroll of immolation {unknown}
 m - a scroll of teleportation {unknown}
Potions
 d - 3 potions of haste {unknown}
 g - a potion of curing {unknown}
Comestibles
 c - 2 bread rations
 f - 3 meat rations
 n - a fruit


   Skills:
 + Level 4.9 Fighting
 + Level 3.3(3.4) Maces & Flails
 + Level 1.3(2.6) Staves
 + Level 3.3 Dodging


You had 3 spell levels left.
You didn't know any spells.

Dungeon Overview and Level Annotations

Branches:
Dungeon (3/15)

Altars:
Okawaru
Xom


Innate Abilities, Weirdness & Mutations

You are too large for most types of armour.
You have tough skin. (AC +1)


Message History

You feel the effects of Trog's Hand fading.
The bat hits you but does no damage. The kobold hits you with a dagger.
* * * LOW HITPOINT WARNING * * *
You closely miss the kobold. The bat barely misses you.
The kobold hits you with a dagger. The gnoll closely misses you.
The kobold hits you but does no damage.
You thump the kobold!
You kill the kobold!
Trog accepts your kill. The gnoll hits you with a whip.
* * * LOW HITPOINT WARNING * * *
The gnoll hits you.
* * * LOW HITPOINT WARNING * * *
You hit the gnoll but do no damage.
Your skin stops crawling.
You feel less resistant to hostile enchantments.
The gnoll hits you.
* * * LOW HITPOINT WARNING * * *
The gnoll barely misses you. The gnoll hits you with a whip!
You die...

... #... .. #.. ..
#.. . ... #.#.#
#.#b#.# #..ggg#
#@## # #.(#.#
#.(#.# ######.(#.#
..........#.# #
############......#
#. #.......#
#).###.# #.
#.#.##..# #..# ..
.#.##.#.##..####..#
##


You could see 3 gnolls and a bat.

Vanquished Creatures
  A gnoll (D:3)
  An adder (D:3)
  A worm (D:2)
  A dart slug (D:2)
  A leopard gecko (D:3)
  9 orcs
  7 bats
  A giant cockroach (D:2)
  4 goblins
  7 hobgoblins
  A quokka (D:2)
  A ball python (D:1)
  A frilled lizard (D:2)
  6 kobolds
  5 rats
47 creatures vanquished.

Notes
Turn   | Place    | Note
-------+----------+-------------------------------------------
     0 | D:1      | graki42 the Ogre Berserker began the quest for the Orb.
     0 | D:1      | Reached XP level 1. HP: 24/24 MP: 1/1
   127 | D:1      | Reached XP level 2. HP: 27/32 MP: 2/2
   847 | D:2      | Found an iron altar of Okawaru.
   899 | D:2      | Reached XP level 3. HP: 40/40 MP: 3/3
  1025 | D:2      | Reached ** piety under Trog
  1055 | D:2      | Found a shimmering altar of Xom.
  1269 | D:3      | Reached XP level 4. HP: 40/49 MP: 4/4
  1298 | D:3      | Reached skill level 1 in Staves
  1308 | D:3      | Slain by a gnoll

Vault maps used:
D:1:      saegor_arrival_simple_a
D:2:      kennysheep_okawaru_gauntlet, lemuel_doored_altar
D:3:      nicolae_overflow_hidden_temple

Skill      XL: |  1  2  3  4 |
---------------+-------------+-----
Maces & Flails | 3 |  3.3
Dodging        | 3 |  3.3
Staves         | 1 |  1.3
Fighting       | |  4.9

Action                   |  1- 3 |  4- 6 || total
-------------------------+-------+-------++-------
Melee: Mace              |    54 |       ||    54
       Quarterstaff      |    48 |    23 ||    71
Invok: Berserk           |     2 |     1 ||     3
       Trog's Hand       |       |     1 ||     1
  Eat: Chunk             |     3 |       ||     3
Armor: Animal skin       |    50 |     5 ||    55
Dodge: Dodged            |    69 |    15 ||    84

Table legend:
 A = Spawn XP
 B = Non-spawn XP
 C = Spawn XP percentage of total XP
 D = Spawn monster count
 E = Non-spawn monster count
 F = Spawn count percentage of total count
 G = Total turns spent on level
                    A         B        C        D         E        F      G
               +---------+---------+-------+---------+---------+-------+---------
         Total |       0 |     116 |   0.0 |       0 |      47 |   0.0 |  1308
               +---------+---------+-------+---------+---------+-------+---------
           D:1 |       0 |      17 |   0.0 |       0 |      12 |   0.0 |   603
           D:2 |       0 |      48 |   0.0 |       0 |      23 |   0.0 |   625
           D:3 |       0 |      51 |   0.0 |       0 |      12 |   0.0 |    80
               +---------+---------+-------+---------+---------+-------+---------
